Map: Jagannatha LE

Players

Astrea

  • Race: Protoss Protoss

Neeb - Winner!

  • Race: Protoss Protoss

Event: DreamHack SC2 Masters 2021 Fall

VOD

Have the link to the VOD?

Description

Time

  • Played on: Aug. 11, 2021, 3:31 p.m.
  • Length: 7:15

All games in this series

Show
View Real Time Build Order
Export as new Build Order

Astrea Protoss 

Build Orders: Oracle Opening 

Get SALT Encoding   

  12  0:00  Probe  
  13  0:12  Probe  
  14  0:17  Pylon  
  14  0:24  Probe (Chrono Boost)  
  15  0:36  Probe (Chrono Boost)  
  15  0:37  Gateway  
  16  0:43  Probe (Chrono Boost)  
  16  0:46  Assimilator  
  17  0:51  Probe  
  17  0:54  Assimilator  
  18  1:03  Probe (Chrono Boost)  
  19  1:07  Gateway  
  19  1:12  Probe (Chrono Boost)  
  19  1:17  Probe (Chrono Boost)  
  20  1:24  Cybernetics Core  
  21  1:29  Probe  
  22  1:35  Pylon  
  22  1:41  Probe  
  24  2:00  Stargate  
  24  2:02  Adept  
  24  2:05  Adept  
  24  2:08  Warp Gate  
  27  2:12  Probe  
  28  2:20  Pylon  
  28  2:32  Stalker  
  30  2:41  Oracle (Chrono Boost)  
  33  2:56  Stalker  
  35  3:05  Shield Battery  
  37  3:35  Probe  
  37  3:40  Pylon  
  35  3:41  Nexus  
  35  3:47  Probe  
  32  3:59  Probe  
  32  4:01  Twilight Council  
  33  4:08  Stalker  
  33  4:09  Stalker  
  37  4:11  Probe  
  38  4:23  Probe  
  37  4:32  Blink (Chrono Boost)  
  37  4:36  Probe  
  36  4:43  Nexus  
  36  4:48  Probe  
  37  4:56  Probe  
  38  5:00  Probe  
  38  5:03  Stalker  
  41  5:08  Probe  
  41  5:12  Stalker, Probe  
  42  5:20  Probe  
  43  5:24  Probe  
  44  5:32  Probe (Chrono Boost)  
  44  5:33  Stalker  
  47  5:39  Gateway  
  47  5:40  Probe (Chrono Boost)  
  48  5:43  Gateway  
  48  5:44  Probe (Chrono Boost)  
  49  5:51  Probe (Chrono Boost)  
  49  5:52  Probe (Chrono Boost)  
  47  5:58  Probe (Chrono Boost)  
  50  6:04  Probe (Chrono Boost)  
  50  6:06  Probe (Chrono Boost)  
  50  6:07  Stalker  
  50  6:08  Probe (Chrono Boost)  
  50  6:11  Stalker  
  56  6:12  Probe (Chrono Boost)  
  56  6:13  Probe x2 (Chrono Boost)  
  58  6:23  Probe  
  58  6:24  Probe  
  58  6:25  Probe  
  61  6:29  Pylon  
  61  6:37  Probe x2  
  61  6:38  Gateway, Probe  
  64  6:41  Gateway  
  64  6:49  Probe  
  64  6:50  Gateway, Probe  
  64  6:51  Probe  
  67  6:54  Gateway  
  67  7:01  Probe  
Show
View Real Time Build Order
Export as new Build Order

Neeb Protoss - Winner!

Build Orders: Phoenix Opening 

Get SALT Encoding   

  12  0:00  Probe  
  13  0:12  Probe  
  14  0:17  Pylon  
  14  0:24  Probe (Chrono Boost)  
  15  0:36  Probe (Chrono Boost)  
  15  0:37  Gateway  
  16  0:45  Probe (Chrono Boost)  
  16  0:46  Assimilator  
  17  0:51  Probe  
  18  0:57  Assimilator  
  18  1:03  Probe (Chrono Boost)  
  19  1:08  Gateway  
  19  1:13  Probe (Chrono Boost)  
  19  1:18  Probe (Chrono Boost)  
  21  1:28  Cybernetics Core  
  21  1:30  Probe  
  22  1:37  Pylon  
  22  1:42  Probe  
  23  1:55  Probe  
  24  2:05  Adept x2, Warp Gate  
  28  2:13  Pylon  
  28  2:17  Stargate  
  28  2:23  Shield Battery  
  28  2:37  Stalker x2  
  32  2:55  Shield Battery  
  32  2:58  Shield Battery  
  32  3:04  Phoenix (Chrono Boost)  
  32  3:26  Phoenix (Chrono Boost)  
  34  3:33  Nexus  
  34  3:36  Probe  
  35  3:46  Phoenix  
  37  3:54  Pylon  
  35  3:59  Probe  
  36  4:07  Twilight Council  
  34  4:12  Probe  
  35  4:24  Probe  
  35  4:31  Stalker x2  
  40  4:37  Probe (Chrono Boost)  
  41  4:42  Pylon  
  41  4:46  Probe (Chrono Boost)  
  41  4:49  Probe (Chrono Boost)  
  41  4:56  Probe (Chrono Boost)  
  41  4:57  Probe (Chrono Boost)  
  41  5:01  Probe (Chrono Boost)  
  41  5:04  Probe (Chrono Boost)  
  43  5:09  Blink (Chrono Boost)  
  43  5:13  Probe (Chrono Boost)  
  44  5:16  Dark Shrine  
  45  5:22  Probe (Chrono Boost)  
  45  5:24  Probe (Chrono Boost)  
  45  5:27  Probe (Chrono Boost)  
  46  5:32  Stalker  
  46  5:33  Probe  
  48  5:38  Shield Battery  
  48  5:39  Probe  
  49  5:45  Probe  
  49  5:49  Stalker  
  52  5:51  Probe  
  53  5:57  Probe  
  53  5:58  Robotics Facility  
  53  6:02  Stalker  
  53  6:03  Probe  
  57  6:10  Probe  
  57  6:11  Pylon  
  58  6:16  Probe  
  58  6:17  Assimilator  
  59  6:24  Probe  
  60  6:29  Dark Templar  
  60  6:31  Probe  
  63  6:34  Pylon, Dark Templar  
  63  6:39  Probe  
  69  6:55  Nexus  
  69  6:57  Probe  
  69  6:58  Probe  

Tags
 
Add a new tag
Caveats
  • Supply blocks, unpowered buildings, or Contaminate may cause inaccurate times.
  • Supply counts are checked every 10 seconds.